 Dungeon Crawl Stone Soup version 0.28-a0-429-g1448048969 (webtiles) character file.

Game seed: 5784519365669150365

15181 Shayle the Martial Artist (level 12, -6/91 HPs)
             Began as a Djinni Warper on Sept 10, 2021.
             Was a Believer of Makhleb.
             Mangled by a komodo dragon (25 damage)
             ... on level 2 of the Lair of Beasts.
             The game lasted 01:09:34 (20122 turns).

Shayle the Martial Artist (Djinni Warper)          Turns: 20122, Time: 01:09:35

Health: -6/91      AC: 12    Str: 16    XL:     12   Next: 54%
Gold:   489        EV: 13    Int: 20    God:    Makhleb [**....] SH:  5 Dex: 13

rFire   + + .      SeeInvis .     - Unarmed
rCold   x . .      Faith    .   A - +0 buckler
rNeg    . . .      Spirit   .   a - +0 leather armour
rPois   ∞          Reflect  .   B - +2 helmet
rElec   .          Harm     .   K - +2 cloak
rCorr   .          Rampage  .   l - +2 pair of gloves
Will    +....                   (boots unavailable)
Stlth   +.........              (no amulet)
HPRegen 0.25/turn               k - +6 ring of strength
MPRegen 0.00/turn               (no ring)

@: flying, very slightly contaminated
A: sickness immunity, fire resistance 2, cold vulnerability 1, float, innate
caster, hp casting, extra vitality 1
a: Renounce Religion, Minor Destruction


You were on level 2 of the Lair of Beasts.
You worshipped Makhleb.
Makhleb was pleased with you.
You visited 3 branches of the dungeon, and saw 12 of its levels.

You collected 489 gold pieces.

Inventory:

Hand Weapons
 o - a +4 dagger of venom
 p - a +1 antimagic spear
 q - a +2 quarterstaff of chaos
 t - a +2 flail of holy wrath
 z - a +2 whip of freezing
 H - the +5 flail of Bodily Harmony {holy, Str+6}
   (You found it on level 7 of the Dungeon)

   It has been blessed by the Shining One to cause great damage to the undead
   and demons.
   Str:       It affects your strength (+6).
Missiles
 c - 2 boomerangs of dispersal
 v - a curare-tipped dart (quivered)
 D - 6 boomerangs
 E - 13 javelins
Armour
 a - a +0 leather armour (worn)
 l - a +2 pair of gloves (worn)
 A - a +0 buckler (worn)
 B - a +2 helmet (worn)
 K - a +2 cloak (worn)
Jewellery
 i - a ring of resist corrosion
 k - a +6 ring of strength (left hand)
 y - a ring of positive energy
 L - a ring of fire
Wands
 s - a wand of digging (4)
 F - a wand of polymorph (11)
Scrolls
 b - a scroll of enchant weapon
 d - 4 scrolls of vulnerability
 g - 2 scrolls of fog
 h - 2 scrolls of amnesia
 m - a scroll of magic mapping
 n - 2 scrolls of silence
 G - 2 scrolls of identify
Potions
 e - a potion of curing
 f - 2 potions of haste
 j - 4 potions of attraction
 r - a potion of magic
 u - a potion of degeneration
 w - 2 potions of might
 x - a potion of brilliance {unknown}
 C - 2 potions of lignification
 I - a potion of mutation {unknown}
 J - a potion of heal wounds {unknown}


   Skills:
 + Level 9.9 Fighting
 - Level 0.7 Throwing
 - Level 1.0 Armour
 + Level 4.3 Dodging
 - Level 4.0 Shields
 - Level 11.0 Unarmed Combat
 + Level 7.9 Spellcasting
 + Level 7.3 Invocations


You couldn't memorise any spells.
You knew the following spells:

 Your Spells              Type           Power      Damage    Failure   Level
a - Blink                 Tloc           N/A        N/A       1%          2
b - Lesser Beckoning      Tloc           39%        N/A       1%          3
c - Gell's Gravitas       Tloc           19%        N/A       1%          3
d - Teleport Other        Tloc           39%        N/A       1%          3
e - Manifold Assault      Tloc           39%        N/A       12%         5
f - Summon Small Mammal   Summ           100%       N/A       1%          1
g - Poisonous Vapours     Pois/Air       78%        N/A       1%          2
h - Ozocubu's Armour      Ice            39%        N/A       1%          3
i - Stone Arrow           Conj/Erth      78%        3d11      1%          3
j - Dispel Undead         Necr           39%        3d16      4%          4
Your spell library was empty.

Dungeon Overview and Level Annotations

Branches:
Dungeon (9/15)             Temple (1/1) D:6            Lair (2/6) D:8
 Shoals (0/4) Lair:2
  Snake: Lair:2-4    Spider: Lair:2-4       Orc: D:9-12

Altars:
Ashenzari
Cheibriados
Dithmenos
Elyvilon
Fedhas
Gozag
Hepliaklqana
Kikubaaqudgha
Makhleb
Nemelex Xobeh
Okawaru
Qazlal
Ru
Sif Muna
Trog
Uskayaw
Vehumet
Wu Jian
Xom
Yredelemnul
Zin
The Shining One

Shops:
D:7 *[   D:8 ?*


Innate Abilities, Weirdness & Mutations

You are immune to sickness and miasma.
You are immune to poison.
Your flesh is very heat resistant. (rF++)
You are vulnerable to cold. (rC-)
You float through the air rather than walking.
You learn spells naturally, not from books.
Your magical power is your life essence.
You have superior vitality. (+4 HP)


Message History

Space momentarily warps into an impossible shape!
You hit the komodo dragon.
Casting: Manifold Assault (dangerous; 12% risk of failure)
Confirm with . or Enter, or press ? or * to list all spells.
Space momentarily warps into an impossible shape!
You closely miss the komodo dragon.
Casting: Manifold Assault (dangerous; 12% risk of failure)
Confirm with . or Enter, or press ? or * to list all spells.
Space momentarily warps into an impossible shape!
You hit the komodo dragon but do no damage.
A blink frog comes into view.
Casting: Manifold Assault (dangerous; 12% risk of failure)
Confirm with . or Enter, or press ? or * to list all spells.
You miscast Manifold Assault.
You are very lightly contaminated with residual magic.
Nothing appears to happen.
The blink frog gives a loud, deep croak!
You hear a loud, deep croak!
A blink frog comes into view.
Casting: Manifold Assault (dangerous; 12% risk of failure)
Confirm with . or Enter, or press ? or * to list all spells.
Space momentarily warps into an impossible shape!
You hit the komodo dragon but do no damage.
You closely miss the blink frog. You miss the blink frog.
You punch the komodo dragon!
The komodo dragon is severely wounded.
You hit the komodo dragon.
The komodo dragon is severely wounded.
The blink frog blinks!
The komodo dragon bites you!!
* * * LOW HITPOINT WARNING * * *
You barely miss the komodo dragon.
The komodo dragon is severely wounded.
The blink frog hits you!
* * * LOW HITPOINT WARNING * * *
A blink frog comes into view.
Unknown command.
Okay, then.
You feel better. The blink frog barely misses you.
The komodo dragon bites you!!
You die...

#.#.........+..†..†...P#####
..............#.###.#####
#.#...........### ###
#.#.##.##+.## # ###.....##
#....## #..##.# ###
#####..######## #########.#
#....(...l@F..###.##P..#P..
#(........F.............[..
................§F.+........
............<.P..##.........
#.............#..#.#........
##...................#..#.#.
#######.##.....#..#####..##
#.####)##....####.##
#...##.###.F..###..+###


You could see a komodo dragon (very poisoned, slow) and 3 blink frogs.

Vanquished Creatures
  3 hydras (Lair:1)
  A boulder beetle (Lair:1)
  Pikel (D:5)
  Maurice (D:9)
  A torpor snail (Lair:2)
  2 black mambas (Lair:1)
  A merfolk siren (Lair:2)
  A cane toad (Lair:1)
  4 komodo dragons
  Sigmund (D:5)
  A basilisk (Lair:2)
  13 yaks
  Duvessa (D:5)
  18 water moccasins
  2 orc warriors
  An ice beast (D:6)
  A black bear (D:7)
  4 sky beasts
  An ogre (D:5)
  A hornet zombie (D:7)
  13 wolves
  3 centaurs
  A kobold brigand (D:6)
  2 lemures (D:5)
  Blork the orc (D:5)
  9 bullfrogs
  A wyvern zombie (D:6)
  3 scorpions
  A water moccasin zombie (D:7)
  Dowan (D:5)
  6 killer bees
  5 wights (D:6)
  A howler monkey (D:8)
  A bullfrog zombie (D:5)
  A centaur zombie (D:9)
  4 hounds
  2 jellies
  A gnoll shaman (D:4)
  4 orc priests
  Crazy Yiuf (D:6)
  A bullfrog skeleton (D:5)
  A centaur skeleton (D:4)
  4 iguanas
  Ijyb (D:4)
  8 orc wizards
  Robin (D:3)
  9 gnolls
  4 adders
  3 river rats (D:8)
  A shadow imp (D:7)
  2 ufetubi
  2 adder zombies (D:5)
  3 worms
  3 dart slugs
  24 orcs
  11 ball pythons
  4 endoplasms
  5 giant cockroaches
  24 goblins
  16 hobgoblins
  6 jackals
  2 quokkas
  4 bats
  A frilled lizard (D:3)
  15 kobolds
  4 rats
279 creatures vanquished.

Vanquished Creatures (others)
  15 fungi
  36 plants
51 creatures vanquished.

Grand Total: 330 creatures vanquished

Notes
Turn   | Place    | Note
-------+----------+-------------------------------------------
     0 | D:1      | Shayle the Djinni Warper began the quest for the Orb.
     0 | D:1      | Reached XP level 1. HP: 18/18 MP: 0/0
   268 | D:1      | Reached XP level 2. HP: 20/23 MP: 0/0
   592 | D:1      | Found a faded altar of an unknown god.
  1129 | D:2      | Reached XP level 3. HP: 28/29 MP: 0/0
  1129 | D:2      | Learned a level 1 spell: Summon Small Mammal
  1619 | D:2      | Reached skill level 3 in Unarmed Combat
  2295 | D:3      | Reached XP level 4. HP: 34/34 MP: 0/0
  3237 | D:3      | Reached XP level 5. HP: 8/40 MP: 0/0
  3237 | D:3      | Learned a level 2 spell: Poisonous Vapours
  3907 | D:3      | Reached skill level 4 in Unarmed Combat
  3922 | D:3      | Noticed Robin
  4041 | D:3      | Killed Robin
  4629 | D:4      | Reached XP level 6. HP: 37/46 MP: 0/0
  5650 | D:4      | Reached skill level 5 in Unarmed Combat
  5660 | D:4      | Reached XP level 7. HP: 36/51 MP: 0/0
  5660 | D:4      | Learned a level 3 spell: Ozocubu's Armour
  5920 | D:4      | Noticed Ijyb
  6118 | D:5      | Entered Level 5 of the Dungeon
  6144 | D:5      | Noticed Blork the orc
  6520 | D:4      | Killed Ijyb
  6952 | D:5      | Killed Blork the orc
  7297 | D:5      | Noticed Dowan
  7297 | D:5      | Noticed Duvessa
  7335 | D:4      | Reached skill level 6 in Unarmed Combat
  7635 | D:5      | Killed Dowan
  7636 | D:5      | Reached XP level 8. HP: 25/58 MP: 0/0
  7859 | D:5      | Killed Duvessa
  8114 | D:7      | Found Wilaut's General Store.
  8176 | D:7      | Found a shimmering altar of Xom.
  8295 | D:6      | Reached skill level 5 in Fighting
  8349 | D:6      | Reached skill level 7 in Unarmed Combat
  8487 | D:5      | Noticed Sigmund
  8494 | D:5      | Killed Sigmund
  8763 | D:6      | Noticed Pikel
  8779 | D:5      | Reached XP level 9. HP: 19/65 MP: 0/0
  8779 | D:5      | Learned a level 3 spell: Stone Arrow
  9370 | D:5      | Reached skill level 8 in Unarmed Combat
 10029 | D:5      | Killed Pikel
 10030 | D:5      | Reached skill level 5 in Spellcasting
 10510 | D:6      | Reached skill level 9 in Unarmed Combat
 10635 | D:6      | Reached skill level 1 in Shields
 11223 | D:6      | Identified the +0 kite shield "Aviohen" {Harm +Inv rF-}
 11241 | D:6      | Reached skill level 1 in Invocations
 11312 | D:6      | Found a runed translucent door.
 11314 | D:6      | Noticed Crazy Yiuf
 11437 | D:6      | Found a staircase to the Ecumenical Temple.
 11450 | Temple   | Entered the Ecumenical Temple
 11590 | Temple   | Became a worshipper of Makhleb the Destroyer
 11672 | D:6      | Reached XP level 10. HP: 52/73 MP: 0/0
 13071 | D:7      | Identified the +5 flail of Bodily Harmony {holy, Str+6}
 13157 | D:7      | Found a bloodstained altar of Trog.
 13422 | D:7      | Found Begiodor's Armour Shoppe.
 13703 | D:8      | Found Zaludgho's Magic Scroll Shoppe.
 13731 | D:8      | Found a broken altar of Ashenzari.
 14263 | D:8      | Found Ululiuj's Lightly-Used Armoury.
 14309 | D:8      | Reached * piety under Makhleb
 15004 | D:8      | Noticed a death yak
 15200 | D:6      | Killed Crazy Yiuf
 15404 | D:9      | Noticed Maurice
 15411 | D:9      | Killed Maurice
 15754 | D:8      | Found a staircase to the Lair.
 15763 | Lair:1   | Entered Level 1 of the Lair of Beasts
 15809 | Lair:1   | Found a hide-covered altar of Uskayaw.
 15809 | Lair:1   | Noticed a four-headed hydra
 15815 | Lair:1   | Killed a four-headed hydra
 15816 | Lair:1   | Reached skill level 10 in Unarmed Combat
 15816 | Lair:1   | Reached XP level 11. HP: 81/81 MP: 0/0
 15816 | Lair:1   | Learned a level 4 spell: Dispel Undead
 15819 | Lair:1   | Found an ornate altar of the Wu Jian Council.
 15819 | Lair:1   | Noticed a boulder beetle
 15866 | Lair:1   | Killed a boulder beetle
 16102 | Lair:1   | Reached skill level 5 in Invocations
 16489 | Lair:1   | Noticed an eight-headed hydra
 16496 | Lair:1   | Killed an eight-headed hydra
 16709 | Lair:1   | Noticed a six-headed hydra
 16722 | Lair:1   | Killed a six-headed hydra
 17004 | Lair:1   | Upgraded the game from 0.28-a0-425-gd0eccab798 to
                  | 0.28-a0-429-g1448048969
 17596 | Lair:1   | Reached XP level 12. HP: 20/89 MP: 0/0
 17601 | Lair:1   | Reached ** piety under Makhleb
 17870 | Lair:1   | Found a shadowy altar of Dithmenos.
 18097 | Lair:2   | Reached skill level 11 in Unarmed Combat
 18846 | Lair:2   | Found a staircase to the Shoals.
 20122 | Lair:2   | Mangled by a komodo dragon

Illustrated notes

Levels and vault maps discovered:
D:1:      dpeg_arrival_round_a, layout_basic, chequers_ecumenical_altar_twisty,
          serial_rivers, chequers_serial_rivers_small_a,
          chequers_serial_rivers_small_b, chequers_serial_rivers_micro_c,
          chequers_serial_rivers_micro_a, chequers_serial_rivers_small_b,
          chequers_serial_rivers_micro_c
D:2:      layout_loops_ring, minmay_small_reverse_x
D:3:      kennysheep_goblin_castle, layout_basic, kennysheep_orc_sif_temple
D:4:      layout_gridville, uniq_ijyb
D:5:      layout_basic, uniq_blork_the_orc, uniq_sigmund, uniq_duvessa
D:6:      corexii_shantytown, layout_basic, minmay_temple_entry_proselytizer,
          minivault_11, uniq_pikel, uniq_crazy_yiuf_cottage
D:7:      layout_loops_corners, nicolae_vehumet_altar_sigil,
          brannock_xom_greatest_gift, mainiacjoe_overflow_tiny_flanked,
          serial_shops, nicolae_shop_crystal, shop_statue, serial_park_tiny_2,
          minivault_26
D:8:      layout_basic, amcnicky_altar_gilded, dpeg_lair_monsters, serial_shops,
          nicolae_take_the_stairs, minmay_shop_damaged, kennysheep_nub,
          item_on_display_a
D:9:      layout_cross, pdpol_wu_jian_five_deadly_venoms, serial_bayou_pond_c,
          minmay_misc_feat_enclosed, patterned_corridor, uniq_maurice
Temple:   regret_index_temple_sphere_string
Lair:1:   layout_regular_city, basic_altar, nzn_masters_of_martial_movement
Lair:2:   layout_roguey, minmay_shoals_entry_lonely_mermaid,
          minmay_snake_entry_six_corridors, beast_lair_carwin_10

Skill      XL: |  1  2  3  4  5  6  7  8  9 10 11 12 |
---------------+-------------------------------------+-----
Unarmed Combat | 3 4 5 6 7 9 10 11 | 11.0
Fighting       | 3 4 5 6 8 9 |  9.9
Spellcasting   | 3 4 5 6 7 |  7.9
Shields        | 1 4 |  4.0
Invocations    | 1 4 6 7 |  7.3
Dodging        | 4 |  4.3
Throwing       | |  0.7
Armour         | |  1.0

Action                   |  1- 3 |  4- 6 |  7- 9 | 10-12 || total
-------------------------+-------+-------+-------+-------++-------
Melee: Unarmed           |   138 |   185 |    89 |   211 ||   623
       Punch             |     2 |     4 |    10 |       ||    16
       Dagger            |       |       |   265 |    31 ||   296
       Flail             |       |       |       |   219 ||   219
Throw: Boomerang         |       |     1 |       |     6 ||     7
       Dart              |       |       |       |    22 ||    22
       Javelin           |       |       |       |     3 ||     3
 Cast: Poisonous Vapours |       |    51 |    33 |    28 ||   112
       Blink             |       |       |    12 |     3 ||    15
       Ozocubu's Armour  |       |       |     2 |     9 ||    11
       Teleport Other    |       |       |     1 |       ||     1
       Summon Small Mamm |       |       |     2 |     2 ||     4
       Gell's Gravitas   |       |       |     1 |       ||     1
       Stone Arrow       |       |       |    21 |    64 ||    85
       Manifold Assault  |       |       |       |    38 ||    38
Evoke: Wand              |       |       |    12 |     5 ||    17
  Use: Potion            |       |     2 |     4 |    10 ||    16
       Scroll            |       |     2 |    13 |     4 ||    19
 Stab: Sleeping          |       |       |       |     1 ||     1
Armor: Leather armour    |    41 |    61 |   122 |   185 ||   409
       Skin              |       |       |       |    48 ||    48
Dodge: Dodged            |    76 |    97 |   179 |   281 ||   633
Block: Buckler           |       |       |    22 |   122 ||   144

Table legend: (Time is in decaauts)
 A = Elapsed time spent in this place.
 B = Non-inter-level travel time spent in this place.
 C = Inter-level travel time spent in this place.
 D = Time resting spent in this place.
 E = Time spent auto-exploring this place.
 F = Levels seen in this place.
 G = Mean time per level.
                   A        B        C        D        E       F      G
               +--------+--------+--------+--------+--------+-----+--------+
         Total |  20134 |  19625 |    509 |   6916 |   8786 |  12 | 1677.8 |
       Dungeon |  15590 |  15141 |    449 |   4450 |   7699 |   9 | 1732.2 |
        Temple |    168 |    140 |     28 |      0 |    124 |   1 |  168.0 |
          Lair |   4375 |   4344 |     31 |   2466 |    963 |   2 | 2187.5 |
               +--------+--------+--------+--------+--------+-----+--------+

Top non-repeatable levels by time:
  Lair:1: 2974 daAuts
     D:4: 2723 daAuts
     D:3: 2583 daAuts
     D:6: 2283 daAuts
     D:5: 2094 daAuts
     D:7: 1841 daAuts
     D:8: 1700 daAuts
  Lair:2: 1400 daAuts
     D:2: 1151 daAuts
     D:1: 1113 daAuts
  Temple: 168 daAuts
     D:9: 99 daAuts
